 Dungeon Crawl Stone Soup version 0.21.0-37-g46506fa (webtiles) character file.

1045 tidbits the Firebug (level 8, -4/58 HPs)
             Began as a Gnoll Fire Elementalist on Jan 31, 2018.
             Was an Initiate of Cheibriados.
             Killed themself with a badly aimed fireball (15 damage)
             ... on level 7 of the Dungeon.
             The game lasted 00:21:42 (1531 turns).

tidbits the Firebug (Gnoll Fire Elementalist)       Turns: 1531, Time: 00:21:43

Health: -4/58      AC:  2    Str: 11 (12) XL:     8   Next: 25%
Magic:  5/16       EV: 16    Int: 18 (20) God:    Cheibriados [......]
Gold:   82         SH:  0    Dex: 16 (17) Spells: 3/18 levels left

rFire    . . .     SeeInvis .   d - +1 dagger
rCold    . . .     Gourm    .   (no shield)
rNeg     + . .     Faith    .   a - +0 robe
rPois    .         Spirit   .   (no helmet)
rElec    .         Reflect  .   (no cloak)
rCorr    .         Harm     .   (no gloves)
MR       .....                  (no boots)
Stlth    +++.......             (no amulet)
HPRegen  0.19/turn              (no ring)
MPRegen  0.15/turn              m - ring of positive energy

@: very slightly contaminated, very slow
A: distributed training, fangs 1, strong nose
a: Bend Time, Renounce Religion


You were on level 7 of the Dungeon.
You worshipped Cheibriados.
Cheibriados was noncommittal.
You were hungry.

You visited 2 branches of the dungeon, and saw 10 of its levels.
You also visited: Sewer.

You collected 82 gold pieces.

Inventory:

Hand Weapons
 d - a +1 dagger (weapon)
 k - a +0 spear
Armour
 a - a +0 robe (worn)
Jewellery
 m - a ring of positive energy (right hand)
   (You found it on level 5 of the Dungeon)
Wands
 f - a wand of random effects (26)
Scrolls
 e - 3 scrolls of remove curse
 j - 2 scrolls of immolation
Potions
 g - 4 potions of flight
 i - a potion of curing
Books
 b - a book of Flames

   Spells                             Type                      Level
   a - Flame Tongue                   Conjuration/Fire             1
   b - Throw Flame                    Conjuration/Fire             2
   c - Conjure Flame                  Conjuration/Fire             3
   d - Inner Flame                    Hexes/Fire                   3
   e - Sticky Flame                   Conjuration/Fire             4
   f - Fireball                       Conjuration/Fire             5
Comestibles
 c - 3 rations


   Skills:
 + Level 3.0 Fighting
 + Level 3.0 Short Blades
 + Level 3.0 Long Blades
 + Level 3.0 Axes
 + Level 3.0 Maces & Flails
 + Level 3.0 Polearms
 + Level 3.0 Staves
 + Level 3.0 Slings
 + Level 3.0 Bows
 + Level 3.0 Crossbows
 + Level 3.0 Throwing
 + Level 3.0 Armour
 + Level 5.5 Dodging
 + Level 5.2 Stealth
 + Level 3.0 Shields
 + Level 3.0 Unarmed Combat
 + Level 5.9 Spellcasting
 + Level 3.3 Conjurations
 + Level 2.4 Hexes
 + Level 2.4 Charms
 + Level 2.4 Summonings
 + Level 2.4 Necromancy
 + Level 2.4 Translocations
 + Level 2.4 Transmutations
 + Level 6.0 Fire Magic
 + Level 2.4 Ice Magic
 + Level 2.4 Air Magic
 + Level 2.4 Earth Magic
 + Level 2.4 Poison Magic
 + Level 3.3 Invocations
 + Level 3.0 Evocations


You had 3 spell levels left.
You knew the following spells:

 Your Spells              Type           Power        Failure   Level  Hunger
a - Flame Tongue          Conj/Fire      ###..        1%          1    None
c - Conjure Flame         Conj/Fire      ###.....     5%          3    ##.....
f - Fireball              Conj/Fire      ###.......   43%         5    #####..
j - Throw Flame           Conj/Fire      ###...       2%          2    None
t - Sticky Flame          Conj/Fire      ###.....     17%         4    ####...


Dungeon Overview and Level Annotations

Branches:
Dungeon (9/15)             Temple (1/1) D:6
   Lair: D:8-11         Orc: D:9-12

Altars:
Ashenzari
Cheibriados
Dithmenos
Elyvilon
Fedhas
Makhleb
Nemelex Xobeh
Okawaru
Sif Muna

Annotations:
D:7 daodarkstar's ghost, novice DsFi


Innate Abilities, Weirdness & Mutations

Your experience applies equally to all skills.
You have very sharp teeth.
Your uncanny sense of smell can sniff out nearby items.


Message History

Press: ? - help, Shift-Dir - straight line, f/p - orc
Aim: an orc, wielding a flail and wearing a scale mail (severely wounded)
The flame tongue misses the orc.
Casting: Flame Tongue
Confirm with . or Enter, or press ? or * to list all spells.
Aiming: Flame Tongue
Press: ? - help, Shift-Dir - straight line, f/p - orc
Aim: an orc, wielding a flail and wearing a scale mail (severely wounded)
The flame tongue hits the orc.
The orc appears unharmed.
The orc is severely wounded.
An ogre opens the door.
Unknown command.
Casting: Flame Tongue
Confirm with . or Enter, or press ? or * to list all spells.
Aiming: Sticky Flame
Press: ? - help, Shift-Dir - straight line, f/p - orc
Aim: an orc, wielding a flail and wearing a scale mail (severely wounded)
The sticky flame hits the orc.
You kill the orc!
Cheibriados appreciates the change of pace.
There is an open door here.
Things that are here:
a flail; a scale mail
There is a stone staircase leading up here.
Okay, then.
Evoke which item? (* to show all) (? for menu, Esc to quit)
Really evoke
f - a wand of random effects (26)?
This could place you under penance! [Y]es or [N]o only, please.
Really evoke
f - a wand of random effects (26)?
This could place you under penance!
Evoke which item? (* to show all) (? for menu, Esc to quit)
Okay, then.
Okay, then.
Unknown command.
Okay, then.
Unknown command.
Unknown command.
The ogre hits you with a giant spiked club!!
Ouch! That really hurt!
* * * LOW HITPOINT WARNING * * *
You climb upwards.
Level annotation: daodarkstar's ghost, novice DsFi The orc priest shouts!
The orc shouts!
The orc priest misses you.
Found a pair of boots.
There is a stone staircase leading down here.
Unknown command.
Unknown command.
Okay, then.
Unknown command.
Blink to where?
Press: ? - help, Dir - move target cursor You are very lightly contaminated with residual magic.
As you read the scroll of blinking, it crumbles to dust.
A hungry ghost comes into view.
Okay, then.
Unknown command.
Okay, then.
Unknown command.
Okay, then.
Okay, then.
The hungry ghost barely misses you. The hungry ghost misses you.
The hungry ghost closely misses you.
Found a bubbling puce potion.
The hungry ghost hits you.
* * * LOW HITPOINT WARNING * * *
You feel a lot more hungry. The hungry ghost hits you.
* * * LOW HITPOINT WARNING * * *
You feel a lot more hungry.
You see here a bubbling puce potion.
It was a potion of degeneration.
There was something very wrong with that liquid.
You feel weakened.
You feel dopey.
You feel clumsy.
The orc priest invokes the aid of Beogh against you.
Beogh smites you!
* * * LOW HITPOINT WARNING * * *
The hungry ghost hits you.
* * * LOW HITPOINT WARNING * * *
You are feeling hungry.
Okay, then.
Okay, then.
Unknown command.
Okay, then.
Evoke which item? (* to show all) (? for menu, Esc to quit)
Okay, then.
Evoke which item? (* to show all) (? for menu, Esc to quit)
Really evoke
f - a wand of random effects (26)?
This could place you under penance! [Y]es or [N]o only, please.
Really evoke
f - a wand of random effects (26)?
This could place you under penance!
Evoke which item? (* to show all) (? for menu, Esc to quit)
You don't have any such object.
Evoke which item? (* to show all) (? for menu, Esc to quit)
Really evoke
f - a wand of random effects (26)?
This could place you under penance!
Aiming: Random Effects
Press: ? - help, Shift-Dir - straight line, f - hungry ghost
Aim: a hungry ghost The fireball explodes!
The fireball engulfs the hungry ghost.
The hungry ghost is moderately damaged.
The fireball engulfs you!
You die...

#####..#####.
#.....##....
...... #.#
###.### ...
##.W#..W ...
#.####... #.# ..
#.. #o....... ..
# #.. #O......#
... #.. #.......#
..# #.. #.......#
#..######.......#
#..@WO.o.........
#.#######.#######
# #... #####


You could see a hungry ghost, an ogre and an orc priest.

Vanquished Creatures
  A troll (D:6)
  A hungry ghost (D:8)
  A sky beast (D:7)
  3 ogres
  A big kobold (Sewer)
  A scorpion (D:6)
  A howler monkey (D:4)
  A jelly (D:5)
  An orc priest (D:8)
  A worker ant (D:6)
  An orc wizard (D:6)
  3 adders
  An ooze (D:6)
  A worm (D:3)
  2 leopard geckos
  8 orcs
  A giant cockroach (D:4)
  3 goblins
  A hobgoblin (D:2)
  A jackal (Sewer)
  7 kobolds
  3 quokkas
  4 ball pythons
  A bat (D:3)
  A frilled lizard (D:2)
  5 rats
55 creatures vanquished.

Notes
Turn   | Place    | Note
-------+----------+-------------------------------------------
     0 | D:1      | tidbits the Gnoll Fire Elementalist began the quest for the Orb.
     0 | D:1      | Reached XP level 1. HP: 13/13 MP: 6/6
    24 | D:1      | You fall through a shaft!
    25 | D:2      | Found a shadowy altar of Dithmenos.
    73 | D:3      | Reached skill level 2 in Conjurations
    85 | D:3      | Reached XP level 2. HP: 19/19 MP: 2/7
    89 | D:3      | Learned a level 2 spell: Throw Flame
    89 | D:3      | Noticed a scorpion
   192 | D:4      | Noticed a howler monkey
   195 | D:5      | Entered Level 5 of the Dungeon
   201 | D:4      | Killed a howler monkey
   201 | D:4      | Reached skill level 5 in Spellcasting
   201 | D:4      | Reached skill level 1 in Invocations
   201 | D:4      | Reached XP level 3. HP: 21/25 MP: 4/9
   205 | D:5      | Reached skill level 1 in Fighting
   205 | D:5      | Reached skill level 1 in Short Blades
   205 | D:5      | Reached skill level 1 in Long Blades
   205 | D:5      | Reached skill level 1 in Axes
   205 | D:5      | Reached skill level 1 in Maces & Flails
   205 | D:5      | Reached skill level 1 in Polearms
   205 | D:5      | Reached skill level 1 in Staves
   205 | D:5      | Reached skill level 1 in Slings
   205 | D:5      | Reached skill level 1 in Bows
   205 | D:5      | Reached skill level 1 in Crossbows
   205 | D:5      | Reached skill level 1 in Throwing
   205 | D:5      | Reached skill level 1 in Armour
   205 | D:5      | Reached skill level 1 in Shields
   205 | D:5      | Reached skill level 1 in Unarmed Combat
   205 | D:5      | Reached skill level 1 in Evocations
   210 | D:5      | Learned a level 3 spell: Conjure Flame
   229 | D:4      | Reached XP level 4. HP: 24/32 MP: 3/11
   254 | D:3      | Found a glowing drain.
   266 | Sewer    | Entered a sewer
   319 | Sewer    | Noticed a big kobold
   327 | Sewer    | HP: 3/32 [cloud of steam (9)]
   327 | Sewer    | Killed a big kobold
   327 | Sewer    | Reached skill level 1 in Hexes
   327 | Sewer    | Reached skill level 1 in Charms
   327 | Sewer    | Reached skill level 1 in Summonings
   327 | Sewer    | Reached skill level 1 in Necromancy
   327 | Sewer    | Reached skill level 1 in Translocations
   327 | Sewer    | Reached skill level 1 in Transmutations
   327 | Sewer    | Reached skill level 1 in Ice Magic
   327 | Sewer    | Reached skill level 1 in Air Magic
   327 | Sewer    | Reached skill level 1 in Earth Magic
   327 | Sewer    | Reached skill level 1 in Poison Magic
   327 | Sewer    | Reached XP level 5. HP: 3/37 MP: 4/12
   370 | Sewer    | Found a glowing silver altar of Zin.
   450 | D:4      | Noticed an ogre
   460 | D:4      | Killed an ogre
   471 | D:4      | Reached XP level 6. HP: 26/44 MP: 5/13
   533 | D:5      | Reached skill level 2 in Invocations
   551 | D:6      | Noticed a troll
   562 | D:5      | Learned a level 4 spell: Sticky Flame
   765 | D:6      | HP: 4/44 [troll (10)]
   768 | D:6      | Killed a troll
   768 | D:6      | Reached skill level 2 in Fighting
   768 | D:6      | Reached skill level 2 in Short Blades
   768 | D:6      | Reached skill level 2 in Long Blades
   768 | D:6      | Reached skill level 2 in Axes
   768 | D:6      | Reached skill level 2 in Maces & Flails
   768 | D:6      | Reached skill level 2 in Polearms
   768 | D:6      | Reached skill level 2 in Staves
   768 | D:6      | Reached skill level 2 in Slings
   768 | D:6      | Reached skill level 2 in Bows
   768 | D:6      | Reached skill level 2 in Crossbows
   768 | D:6      | Reached skill level 2 in Throwing
   768 | D:6      | Reached skill level 2 in Armour
   768 | D:6      | Reached skill level 5 in Dodging
   768 | D:6      | Reached skill level 2 in Shields
   768 | D:6      | Reached skill level 2 in Unarmed Combat
   768 | D:6      | Reached skill level 2 in Evocations
   768 | D:6      | Reached XP level 7. HP: 27/50 MP: 4/15
   962 | D:6      | Reached skill level 2 in Hexes
   962 | D:6      | Reached skill level 2 in Charms
   962 | D:6      | Reached skill level 2 in Summonings
   962 | D:6      | Reached skill level 2 in Necromancy
   962 | D:6      | Reached skill level 2 in Translocations
   962 | D:6      | Reached skill level 2 in Transmutations
   962 | D:6      | Reached skill level 2 in Ice Magic
   962 | D:6      | Reached skill level 2 in Air Magic
   962 | D:6      | Reached skill level 2 in Earth Magic
   962 | D:6      | Reached skill level 2 in Poison Magic
   968 | D:6      | Found a sparkling altar of Nemelex Xobeh.
   972 | D:6      | Found an iron altar of Okawaru.
   996 | D:6      | Found a staircase to the Ecumenical Temple.
  1005 | Temple   | Entered the Ecumenical Temple
  1016 | Temple   | Became a worshipper of Cheibriados the Contemplative
  1110 | D:7      | Reached skill level 3 in Conjurations
  1116 | D:7      | Reached skill level 5 in Stealth
  1116 | D:7      | Reached skill level 3 in Invocations
  1183 | D:7      | Reached XP level 8. HP: 22/57 MP: 0/16
  1192 | D:7      | Noticed daodarkstar's ghost (novice DsFi)
  1244 | D:8      | Learned a level 5 spell: Fireball
  1402 | D:8      | Reached skill level 6 in Fire Magic
  1418 | D:8      | Reached skill level 3 in Fighting
  1418 | D:8      | Reached skill level 3 in Short Blades
  1418 | D:8      | Reached skill level 3 in Long Blades
  1418 | D:8      | Reached skill level 3 in Axes
  1418 | D:8      | Reached skill level 3 in Maces & Flails
  1418 | D:8      | Reached skill level 3 in Polearms
  1418 | D:8      | Reached skill level 3 in Staves
  1418 | D:8      | Reached skill level 3 in Slings
  1418 | D:8      | Reached skill level 3 in Bows
  1418 | D:8      | Reached skill level 3 in Crossbows
  1418 | D:8      | Reached skill level 3 in Throwing
  1418 | D:8      | Reached skill level 3 in Armour
  1418 | D:8      | Reached skill level 3 in Shields
  1418 | D:8      | Reached skill level 3 in Unarmed Combat
  1418 | D:8      | Reached skill level 3 in Evocations
  1461 | D:9      | Noticed a polar bear
  1461 | D:9      | Noticed a yak
  1478 | D:9      | Noticed a wyvern
  1531 | D:7      | Killed themself with a badly aimed fireball

Skill      XL: |  1  2  3  4  5  6  7  8 |
---------------+-------------------------+-----
Conjurations   | 2 3 |  3.3
Spellcasting   | 5 |  5.9
Invocations    | 1 2 3 |  3.3
Fighting       | 1 2 3 |  3.0
Short Blades   | 1 2 3 |  3.0
Long Blades    | 1 2 3 |  3.0
Axes           | 1 2 3 |  3.0
Maces & Flails | 1 2 3 |  3.0
Polearms       | 1 2 3 |  3.0
Staves         | 1 2 3 |  3.0
Slings         | 1 2 3 |  3.0
Bows           | 1 2 3 |  3.0
Crossbows      | 1 2 3 |  3.0
Throwing       | 1 2 3 |  3.0
Armour         | 1 2 3 |  3.0
Shields        | 1 2 3 |  3.0
Unarmed Combat | 1 2 3 |  3.0
Evocations     | 1 2 3 |  3.0
Hexes          | 1 2 |  2.4
Charms         | 1 2 |  2.4
Summonings     | 1 2 |  2.4
Necromancy     | 1 2 |  2.4
Translocations | 1 2 |  2.4
Transmutations | 1 2 |  2.4
Ice Magic      | 1 2 |  2.4
Air Magic      | 1 2 |  2.4
Earth Magic    | 1 2 |  2.4
Poison Magic   | 1 2 |  2.4
Dodging        | 5 |  5.5
Stealth        | 5 |  5.2
Fire Magic     | 6 |  6.0

Action                   |  1- 3 |  4- 6 |  7- 9 || total
-------------------------+-------+-------+-------++-------
Melee: Dagger            |     1 |     8 |    26 ||    35
       Spear             |       |    16 |       ||    16
       Bite              |       |     1 |     5 ||     6
 Cast: Flame Tongue      |    19 |    22 |    36 ||    77
       Throw Flame       |       |     9 |     3 ||    12
       Sticky Flame      |       |     1 |     6 ||     7
       Fireball          |       |       |     1 ||     1
Evoke: Wand              |       |       |     2 ||     2
  Use: Scroll            |     1 |     5 |     5 ||    11
       Potion            |       |     4 |     4 ||     8
 Stab: Sleeping          |     1 |     1 |       ||     2
  Eat: Ration            |       |     1 |     1 ||     2
Armor: Robe              |       |     1 |     1 ||     2
Dodge: Dodged            |     7 |    23 |    22 ||    52

Table legend:
 A = Turns spent in this place as a percentage of turns spent in the entire game.
 B = Non-inter-level travel turns spent in this place as a percentage of non-inter-level travel turns spent in the entire game.
 C = Inter-level travel turns spent in this place as a percentage of turns spent in this place.
 D = Turns resting spent in this place as a percentage of non-inter-level travel turns spent in this place.
 E = Turns spent auto-exploring this place as a percentage of non-inter-level travel turns spent in this place.
 F = Non-inter-level travel turns spent in this place divided by the number of levels of this place that you've seen.
                   A       B       C       D       E      F
               +-------+-------+-------+-------+-------+----------------------
         Total | 100.0 | 100.0 |   4.8 |   0.0 |   0.0 | 132.5
       Dungeon |  89.4 |  89.5 |   4.7 |   0.0 |   0.0 | 145.0
        Temple |   1.4 |   0.9 |  40.9 |   0.0 |   0.0 |  13.0
         Sewer |   9.1 |   9.6 |   0.0 |   0.0 |   0.0 | 140.0
               +-------+-------+-------+-------+-------+----------------------

Table legend:
 A = Kills in this place as a percentage of kills in entire the game.
 B = Kills by you in this place as a percentage of kills by you in the entire game.
 C = Kills by friends in this place as a percentage of kills by friends in the entire game.
 D = Other kills in this place as a percentage of other kills in the entire game.
 E = Experience gained in this place as a percentage of experience gained in the entire game.
 F = Experience gained in this place divided by the number of levels of this place that you have seen.
                   A       B       C       D       E      F
               +-------+-------+-------+-------+-------+----------------------
         Total | 100.0 | 100.0 |   N/A |   N/A | 100.0 | 135.7
       Dungeon |  81.8 |  81.8 |   N/A |   N/A |  93.1 | 154.4
         Sewer |  18.2 |  18.2 |   N/A |   N/A |   6.9 | 103.0
               +-------+-------+-------+-------+-------+----------------------

Vault maps used:
D:1:      erik_arrival_cave_to_civilisation, fountainhead
D:2:      nicolae_dithmenos_shadow_blocks
D:3:      first_ration, cheibrodos_sewer_entry_sluice, uniq_natasha
D:4:      minmay_misc_feat_roman
D:5:      corexii_shack_village, uniq_edmund, uniq_prince_ribbit1
D:6:      minitemple, chequers_temple_overflow_statue_of_worship,
          minmay_temple_entry_poolview, kennysheep_generic_room_12
D:7:      hangedman_ru_absence, serial_shops, shop
D:9:      serial_ice, serial_ice_i, serial_ice_d, serial_ice_b, serial_ice_h
Temple:   compressed_dpeg_circular_temple
Sewer:    sewer_kobolds
